 Dungeon Sprint DCSS version 0.30.1-4-g462c640d31 (webtiles) character file.

Game seed: 16241006515708438741

23865 Heoruswealwe the Wrestler (level 12, -1/214 HPs)
             Began as a Troll Berserker on Aug 17, 2023.
             Was the Champion of Trog.
             Killed from afar by a deep elf annihilator (6 damage)
             ... with a bolt of lightning
             ... in the Dungeon (Sprint I: "Red Sonja").
             The game lasted 00:55:57 (2694 turns).

Heoruswealwe the Wrestler (Troll Berserker)         Turns: 2694, Time: 00:55:58

Health: -1/214     AC: 17    Str: 32    XL:     12   Next: 75%
Magic:  11/11      EV:  6    Int:  3    God:    Trog [******]
Gold:   2041       SH:  0    Dex:  9    Spells: 11/11 levels left

rFire   + .          .
                       - Unarmed
rCold   + . .        (no shield)
rNeg    . . .        l - +0 gold dragon scales
rPois   +            (helmet restricted)
rElec   .            p - +2 cloak of Sharp Brilliance {Fly}
rCorr   +            (gloves unavailable)
SInv    +            (boots unavailable)
Will    +....        j - amulet of regeneration Stlth
                     (no ring)
HPRegen 2.15/turn    r - ring of resist corrosion
MPRegen 0.12/turn

%: no teleportation, random rage (3%)
@: mighty, berserking, flying, hasted, very quick
A: large, unfitting armour, claws 3, regeneration 1, shaggy fur 1, tough skin 1,
hooves 1, see invisible, berserk 1, deterioration 1, strong-willed 1, subdued
magic 2
a: Renounce Religion, Berserk, Trog's Hand, Brothers in Arms


You were in the Dungeon.
You worshipped Trog.
Trog was exalted by your worship.
You visited 1 branch You collected 6284 gold pieces.
You spent 4243 gold pieces at shops.

Inventory:

Armour
 f - +0 shadow dragon scales
 l - +0 gold dragon scales (worn)
 p - the +2 cloak of Sharp Brilliance (worn) {Fly}
   (You bought it in a shop in the Dungeon)

   Fly:       It grants you flight.
Jewellery
 j - an amulet of regeneration (around neck)
 r - a ring of resist corrosion (right claw)
 s - an amulet of reflection
Wands
 h - a wand of flame (11)
 m - a wand of quicksilver (11)
Scrolls
 a - 2 scrolls of identify
 g - 4 scrolls of blinking
 k - a scroll of immolation
 n - a scroll of silence
 o - a scroll of fog
 u - a scroll of poison
Potions
 b - 12 potions of curing
 c - 2 potions of heal wounds
 d - a potion of haste
 q - 3 potions of flight


   Skills:
 + Level 15.2 Fighting
 + Level 14.8 Dodging
 - Level 0.4 Stealth
 * Level 22.8 Unarmed Combat


You had 11 spell levels left.
You didn't know any spells.
Your spell library was empty.

Dungeon Overview and Level Annotations

Branches:
Dungeon (1/1)

Altars:
Cheibriados
Dithmenos
Elyvilon
Fedhas
Gozag
Hepliaklqana
Kikubaaqudgha
Makhleb
Nemelex Xobeh
Okawaru
Qazlal
Ru
Sif Muna
Trog
Uskayaw
Vehumet
Wu Jian
Xom
Yredelemnul
Zin
The Shining One
Jiyva
Lugonu

Shops:
D (:[*:(*[=**[:*([?[![(*

Annotations:
D Tiamat


Innate Abilities, Weirdness & Mutations

You are too large for most types of armour.
You have claws for hands.
Your natural rate of healing is unusually fast.
You are covered in fur. (AC +1)
You have tough skin. (AC +1)
You have large cloven feet.
You have supernaturally acute eyesight. (SInv)
You sometimes lose your temper in combat.
Your body sometimes deteriorates upon taking damage.
You are strong-willed. (Will+)
Your spells are easier to cast, but less powerful.


Message History

You feel much better. The oklob plant spits acid at you.
The splash of acid hits you! You resist.
You claw the mummy priest! Your kick misses the mummy priest.
The mummy priest is moderately damaged.
The mummy priest hits you but does no damage.
You eviscerate the gargoyle!!!
You destroy the gargoyle!
Trog accepts your kill.
You hear a splash.
A red film seems to cover your vision as you go berserk!
You feel yourself moving faster!
You feel mighty!
You scratch the oklob plant. You kick the oklob plant.
The oklob plant is lightly damaged.
You eviscerate the oklob plant!!!
You destroy the oklob plant!
Trog accepts your kill.
You scratch the mummy priest. You kick the mummy priest!
The mummy priest is heavily damaged.
The mummy priest prays to its god.
You claw the mummy priest! You kick the mummy priest!
The mummy priest is almost destroyed.
You eviscerate the mummy priest!!!
You destroy the mummy priest!
Trog accepts your kill.
The shadow wraith disappears in a puff of smoke!
The jiangshi disappears in a puff of smoke!
You feel extremely nervous for a moment...
Your body is wracked with pain!
* * * LOW HITPOINT WARNING * * *
The deep elf annihilator gestures at you while chanting.
The bolt of lightning hits you!!
* * * LOW HITPOINT WARNING * * *
The bolt of lightning hits you!!
* * * LOW HITPOINT WARNING * * *
You are too berserk!
You feel a strong urge to attack something.
The deep elf annihilator gestures at you while chanting.
The bolt of lightning hits you.
You die...

##...#y#.##...#..##....#.∩.#,,,,*
☼#...###..###.#..≈###'##...#,,,,*
○+.....##.#A#.#.†≈.[#.####+#,,,,*
.#.....#..###.#..≈.##+#§...##,,,*
.###++##.##...#.)≈##.)§.....##,,*
###..###..#+###.§≈#?...§==§..#,,*
####..###..=#.§..##...§§.[§..##,*
#..#..#.###.#.≈.§#...§§.....§.#,*
#....°....#.###§@#............#,*
#.....°°..#.#.'..##..........##,*
'......####'#.##e##..........#,,*
##...###))..#^*~~~##........##,,*
.#####...####^*~~~~##[.[...##,,,*
.)..=..###,,,^#~~~~~########,,,,*
..?#####,,^,**##~~~~*~~~~~*,,,,,*
..##,,,,,,,,*,,#'~~~+~~,~~',,,,,*
.##,,^^,,,^,*,,,**~~*~~~~~*~~~,,*


You could see a deep elf annihilator.

Vanquished Creatures
  A golden dragon (D)
  A shadow dragon (D)
  4 fire giants (D)
  A lorocyproca (D)
  A mummy priest (D)
  A hydra (D)
  2 centaur warriors (D)
  Sonja (D)
  A deep troll (D)
  A lindwurm (D)
  8 shining eyes (D)
  2 oklob plants (D)
  2 merfolk sirens (D)
  4 demonic crawlers (D)
  2 gargoyles (D)
  7 unseen horrors (D)
  2 kobold demonologists (D)
  A hellwing (D)
  5 hornets (D)
  A slime creature (D)
  Sigmund (D)
  A yak (D)
  13 hogs (D)
  2 redbacks (D)
  7 floating eyes (D)
  An ogre (D)
  7 necrophages (D)
  8 jellies (D)
  Ijyb (D)
89 creatures vanquished.

Vanquished Creatures (others)
  2 ballistomycete spores (D)
2 creatures vanquished.

Grand Total: 91 creatures vanquished

Notes
Turn   | Place    | Note
-------+----------+-------------------------------------------
     0 | D        | Heoruswealwe the Troll Berserker began the quest for the
                  | Orb.
     0 | D        | Reached XP level 1. HP: 22/22 MP: 0/0
     1 | D        | Noticed Ijyb
     8 | D        | Killed Ijyb
     9 | D        | Reached skill level 4 in Unarmed Combat
     9 | D        | Reached XP level 2. HP: 32/32 MP: 1/1
    60 | D        | Noticed an ogre
    64 | D        | HP: 2/48 [ogre/+0 giant spiked club (14)]
    66 | D        | Killed an ogre
    67 | D        | Reached skill level 5 in Fighting
    67 | D        | Reached skill level 5 in Dodging
    67 | D        | Reached skill level 6 in Unarmed Combat
    67 | D        | Reached XP level 3. HP: 4/42 MP: 2/2
    67 | D        | Reached XP level 4. HP: 5/50 MP: 3/3
   101 | D        | Noticed Sigmund
   115 | D        | Killed Sigmund
   115 | D        | Reached ** piety under Trog
   116 | D        | Reached skill level 8 in Unarmed Combat
   116 | D        | Reached XP level 5. HP: 37/61 MP: 4/4
   116 | D        | Reached XP level 6. HP: 41/68 MP: 5/5
   164 | D        | Found a burning altar of Makhleb.
   164 | D        | Found a viscous altar of Jiyva.
   164 | D        | Found a shimmering altar of Xom.
   164 | D        | Found a corrupted altar of Lugonu.
   164 | D        | Noticed a slime creature
   173 | D        | Killed a slime creature
   174 | D        | Reached skill level 9 in Unarmed Combat
   223 | D        | Found an ornate altar of the Wu Jian Council.
   223 | D        | Found a shimmering blue altar of Sif Muna.
   225 | D        | Found a radiant altar of Vehumet.
   252 | D        | Found Ynimunn's Assorted Antiques.
   252 | D        | Found an ancient bone altar of Kikubaaqudgha.
   252 | D        | Found a hazy altar of Hepliaklqana.
   252 | D        | Found a stormy altar of Qazlal.
   252 | D        | Found a hide-covered altar of Uskayaw.
   252 | D        | Found a blossoming altar of Fedhas.
   252 | D        | Found a bloodstained altar of Trog.
   252 | D        | Found an iron altar of Okawaru.
   252 | D        | Found a basalt altar of Yredelemnul.
   252 | D        | Found a glowing golden altar of the Shining One.
   252 | D        | Found a snail-covered altar of Cheibriados.
   252 | D        | Found a sacrificial altar of Ru.
   252 | D        | Found a glowing silver altar of Zin.
   252 | D        | Found a shadowy altar of Dithmenos.
   252 | D        | Found a white marble altar of Elyvilon.
   252 | D        | Noticed a yak
   263 | D        | Killed a yak
   263 | D        | Reached *** piety under Trog
   264 | D        | Reached skill level 10 in Unarmed Combat
   264 | D        | Reached XP level 7. HP: 36/79 MP: 6/6
   264 | D        | Found an opulent altar of Gozag.
   265 | D        | Found a sparkling altar of Nemelex Xobeh.
   269 | D        | Bought a scroll labelled VIHIEG GOAHO for 27 gold pieces
   269 | D        | Bought a scroll labelled VIHIEG GOAHO for 27 gold pieces
   312 | D        | Noticed a kobold demonologist
   312 | D        | Noticed a kobold demonologist
   317 | D        | Paralysed by a floating eye for 4 turns
   319 | D        | Noticed a ynoxinul
   325 | D        | Killed a kobold demonologist
   325 | D        | Paralysed by a floating eye for 3 turns
   326 | D        | Reached skill level 11 in Unarmed Combat
   327 | D        | Noticed an orange demon
   328 | D        | Noticed a soul eater
   331 | D        | Killed a kobold demonologist
   332 | D        | Reached XP level 8. HP: 65/91 MP: 7/7
   332 | D        | Reached **** piety under Trog
   366 | D        | Noticed a centaur warrior
   368 | D        | Noticed a centaur warrior
   378 | D        | Killed a centaur warrior
   379 | D        | Reached skill level 13 in Unarmed Combat
   388 | D        | Killed a centaur warrior
   389 | D        | Reached skill level 10 in Fighting
   389 | D        | Reached XP level 9. HP: 46/102 MP: 8/8
   402 | D        | Reached skill level 10 in Dodging
   402 | D        | Reached skill level 14 in Unarmed Combat
   466 | D        | Noticed a deep troll
   469 | D        | Killed a deep troll
   482 | D        | Found Geqesch's Armour Emporium.
   515 | D        | Noticed an oklob plant
   520 | D        | Killed an oklob plant
   520 | D        | Reached ***** piety under Trog
   521 | D        | Reached skill level 15 in Unarmed Combat
   613 | D        | Reached XP level 10. HP: 113/114 MP: 9/9
   613 | D        | Received a gift from Trog
   636 | D        | Received a gift from Trog
   644 | D        | Reached skill level 16 in Unarmed Combat
   680 | D        | Reached ****** piety under Trog
   692 | D        | Found Vonaadda's Armour Shoppe.
   692 | D        | Found Moodoss's General Store.
   692 | D        | Found Wuwoumen's Jewellery Boutique.
   694 | D        | Found Haikioq's Assorted Antiques.
   694 | D        | Found Paatsyel's Assorted Antiques.
   694 | D        | Found Tojuarph's Antique Armour Shoppe.
   694 | D        | Found Laytir's Book Boutique.
   694 | D        | Found Bitiecec's Assorted Antiques.
   694 | D        | Found Xoepli's Antique Weapon Shop.
   694 | D        | Found Ilotanyg's Armour Shoppe.
   696 | D        | Bought a potion of might for 40 gold pieces
   696 | D        | Bought a scroll of identify for 20 gold pieces
   696 | D        | Bought a scroll of blinking for 75 gold pieces
   699 | D        | Identified a scroll of acquirement
   712 | D        | Found Qemuko's Magic Scroll Boutique.
   713 | D        | Found Wustraumar's Distillery.
   713 | D        | Found Itoezy's Armour Boutique.
   714 | D        | Found Bugguozu's Weapon Emporium.
   717 | D        | Bought a bubbling golden potion for 23 gold pieces
   717 | D        | Bought a copper wand for 104 gold pieces
   717 | D        | Bought a scroll labelled FAUCHA APLOICU for 26 gold pieces
   720 | D        | Bought a scroll of magic mapping for 75 gold pieces
   720 | D        | Bought a scroll of identify for 20 gold pieces
   720 | D        | Bought a scroll of identify for 20 gold pieces
   720 | D        | Bought a scroll of blinking for 75 gold pieces
   720 | D        | Bought a scroll of identify for 20 gold pieces
   724 | D        | Bought 2 potions of mutation for 160 gold pieces
   724 | D        | Bought a potion of flight for 30 gold pieces
   738 | D        | Acquired 1116 gold pieces
   748 | D        | Bought a scroll of acquirement for 1352 gold pieces
   756 | D        | Acquired 696 gold pieces
   767 | D        | Bought a potion of haste for 210 gold pieces
   767 | D        | Bought a scroll of blinking for 157 gold pieces
   768 | D        | Bought a scroll of identify for 56 gold pieces
   768 | D        | Bought a potion of might for 112 gold pieces
   775 | D        | Bought a potion of haste for 100 gold pieces
   775 | D        | Bought a potion of haste for 100 gold pieces
   985 | D        | Noticed a demonic crawler
   985 | D        | Noticed a demonic crawler
   985 | D        | Noticed a demonic crawler
   985 | D        | Noticed a demonic crawler
  1003 | D        | Killed a demonic crawler
  1007 | D        | Killed a demonic crawler
  1007 | D        | Received a gift from Trog
  1011 | D        | Killed a demonic crawler
  1012 | D        | Reached skill level 17 in Unarmed Combat
  1020 | D        | Killed a demonic crawler
  1070 | D        | Noticed a lindwurm
  1078 | D        | Killed a lindwurm
  1103 | D        | Received a gift from Trog
  1109 | D        | Reached skill level 18 in Unarmed Combat
  1115 | D        | Reached XP level 11. HP: 96/124 MP: 10/10
  1131 | D        | Received a gift from Trog
  1143 | D        | Noticed a 12-headed hydra
  1147 | D        | Killed a 15-headed hydra
  1300 | D        | Noticed a shadow dragon
  1302 | D        | Noticed a golden dragon
  1314 | D        | Killed a golden dragon
  1315 | D        | Reached skill level 19 in Unarmed Combat
  1317 | D        | Killed a shadow dragon
  1317 | D        | Received a gift from Trog
  1425 | D        | Identified the ring of Waezaoz {rPois rC- Dex+5}
  1454 | D        | Found Kicsopposk's Assorted Antiques.
  1474 | D        | Bought a potion of curing for 78 gold pieces
  1474 | D        | Bought a scroll labelled YRIEDU GETH for 26 gold pieces
  1474 | D        | Bought a marble ring for 130 gold pieces
  1537 | D        | Noticed a daeva
  1549 | D        | Reached skill level 20 in Unarmed Combat
  1744 | D        | Received a gift from Trog
  1768 | D        | Noticed a lorocyproca
  1777 | D        | Killed a lorocyproca
  1991 | D        | Bought a potion of curing for 81 gold pieces
  2016 | D        | Bought a +1 cloak for 115 gold pieces
  2072 | D        | Bought a potion of heal wounds for 50 gold pieces
  2072 | D        | Bought a potion of curing for 30 gold pieces
  2078 | D        | Bought a potion of curing for 78 gold pieces
  2081 | D        | Bought a potion of curing for 84 gold pieces
  2082 | D        | Bought a potion of curing for 63 gold pieces
  2083 | D        | Bought an amulet of reflection for 420 gold pieces
  2092 | D        | Gained mutation: You have large cloven feet. [potion of
                  | mutation]
  2092 | D        | Gained mutation: You expend magic power (3 MP) to
                  | strengthen your wands. [potion of mutation]
  2092 | D        | Gained mutation: You are partially covered in iridescent
                  | scales. (AC +2) [potion of mutation]
  2093 | D        | Lost mutation: You expend magic power (3 MP) to strengthen
                  | your wands. [potion of mutation]
  2093 | D        | Lost mutation: You are partially covered in iridescent
                  | scales. (AC +2) [potion of mutation]
  2093 | D        | Lost mutation: You have large cloven feet. [potion of
                  | mutation]
  2093 | D        | Gained mutation: You occasionally shout uncontrollably at
                  | your foes. [potion of mutation]
  2093 | D        | Gained mutation: You passively dampen the noise of your
                  | surroundings. [potion of mutation]
  2094 | D        | Lost mutation: You passively dampen the noise of your
                  | surroundings. [potion of mutation]
  2094 | D        | Lost mutation: You occasionally shout uncontrollably at
                  | your foes. [potion of mutation]
  2094 | D        | Gained mutation: You have a pair of small horns on your
                  | head. [potion of mutation]
  2094 | D        | Gained mutation: Your spells are a little harder to cast,
                  | but a little more powerful. [potion of mutation]
  2217 | D        | Noticed a fire giant
  2222 | D        | Noticed a fire giant
  2223 | D        | Noticed a fire giant
  2227 | D        | Killed a fire giant
  2232 | D        | Killed a fire giant
  2233 | D        | Reached skill level 21 in Unarmed Combat
  2233 | D        | Reached XP level 12. HP: 114/139 MP: 11/11
  2237 | D        | Killed a fire giant
  2237 | D        | Received a gift from Trog
  2244 | D        | Noticed a fire giant
  2254 | D        | Killed a fire giant
  2362 | D        | Found the +4 dragonskin cloak
  2362 | D        | Noticed Tiamat
  2380 | D        | Lost mutation: Your spells are a little harder to cast, but
                  | a little more powerful. [potion of mutation]
  2380 | D        | Lost mutation: You have a pair of small horns on your head.
                  | [potion of mutation]
  2380 | D        | Gained mutation: You have supernaturally acute eyesight.
                  | (SInv) [potion of mutation]
  2380 | D        | Gained mutation: You have large cloven feet. [potion of
                  | mutation]
  2380 | D        | Gained mutation: You are strong-willed. (Will+) [potion of
                  | mutation]
  2437 | D        | Noticed Sonja
  2438 | D        | Killed Sonja
  2456 | D        | Found Ypeytwal's Antique Weapon Boutique.
  2521 | D        | Gained mutation: You sometimes lose your temper in combat.
                  | [a shining eye]
  2528 | D        | Paralysed by a floating eye for 4 turns
  2531 | D        | Gained mutation: Your spells are a little easier to cast,
                  | but a little less powerful. [a shining eye]
  2537 | D        | Received a gift from Trog
  2543 | D        | Gained mutation: Your spells are easier to cast, but less
                  | powerful. [a shining eye]
  2547 | D        | Reached skill level 22 in Unarmed Combat
  2556 | D        | Gained mutation: Your body sometimes deteriorates upon
                  | taking damage. [a shining eye]
  2567 | D        | Found Wyank's Book Shop.
  2567 | D        | Found Cexyuqia's Book Shoppe.
  2567 | D        | Found Moaps's Weapon Boutique.
  2567 | D        | Found Kunaq's Armour Emporium.
  2576 | D        | Bought the +2 cloak of Sharp Brilliance {Fly} for 259 gold
                  | pieces
  2662 | D        | Noticed a deep elf annihilator
  2666 | D        | Received a gift from Trog
  2672 | D        | Noticed a mummy priest
  2678 | D        | Reached skill level 15 in Fighting
  2682 | D        | Received a gift from Trog
  2691 | D        | Noticed a jiangshi
  2692 | D        | Killed a mummy priest
  2692 | D        | HP: 2/211 [deep elf annihilator/bolt of lightning (19)]
  2694 | D        | Killed from afar by a deep elf annihilator

Illustrated notes

Levels and vault maps discovered:
D:        dungeon_sprint_1 [red_sonja_temple_1, red_sonja_temple_small_1]

Skill      XL: |  1  2  3  4  5  6  7  8  9 10 11 12 |
---------------+-------------------------------------+-----
Fighting       | 3 5 6 7 8 10 11 12 14 15 | 15.2
Dodging        | 3 5 6 7 8 9 10 12 13 14 | 14.8
Unarmed Combat | 4 6 8 10 11 13 15 18 21 22 | 22.8
Stealth        | |  0.4

Action                     |  1- 3 |  4- 6 |  7- 9 | 10-12 || total
---------------------------+-------+-------+-------+-------++-------
  Melee: Unarmed           |    10 |    27 |    43 |   172 ||   252
         Punch             |     1 |     1 |     1 |    28 ||    31
         Headbutt          |       |       |       |     3 ||     3
         Kick              |       |       |       |    14 ||    14
 Invoke: Berserk           |     2 |       |     1 |     3 ||     6
  Evoke: Wand              |       |       |       |     5 ||     5
    Use: Scroll            |       |       |       |    13 ||    13
         Potion            |       |       |       |    13 ||    13
 Armour: Animal skin       |     2 |       |       |       ||     2
         Robe              |       |       |    17 |    25 ||    42
         Gold dragon scale |       |       |       |    28 ||    28
  Dodge: Dodged            |       |     9 |    18 |    52 ||    79
  Block: Other             |       |       |       |     2 ||     2
         Reflection        |       |       |       |     1 ||     1
